 Dungeon Crawl Stone Soup version 0.22.1-1-ga44c0e56f4 (webtiles) character file.

3349 brittlin the Cleaver (level 10, -2/90 HPs)
             Began as a Hill Orc Fighter on Oct 1, 2018.
             Was a Believer of Okawaru.
             Splashed by an orc wizard's acid (15 damage)
             ... on level 9 of the Dungeon.
             The game lasted 00:10:39 (8628 turns).

brittlin the Cleaver (Hill Orc Fighter)             Turns: 8628, Time: 00:10:39

Health: -2/90      AC: 14    Str: 22    XL:     10   Next: 2%
Magic:  13/13      EV:  4    Int:  8    God:    Okawaru [**....]
Gold:   566        SH: 15    Dex: 11    Spells: 9/9 levels left

rFire    + . .     SeeInvis .   a - +1 war axe
rCold    . . .     Gourm    .   r - +0 large shield
rNeg     . . .     Faith    .   b - +2 plate armour {rF+}
rPois    .         Spirit   .   l - +0 helmet
rElec    .         Reflect  .   (no cloak)
rCorr    .         Harm     .   (no gloves)
MR       .....                  (no boots)
Stlth    ..........             (no amulet)
HPRegen  0.25/turn              n - +2 ring of protection
MPRegen  0.13/turn              (no ring)

@: lethally poisoned (-2 -> -2), corroded
A: no striking features
a: Heroism, Renounce Religion


You were on level 9 of the Dungeon.
You worshipped Okawaru.
Okawaru was pleased with you.
You were hungry.

You visited 2 branches of the dungeon, and saw 10 of its levels.

You collected 566 gold pieces.

Inventory:

Hand Weapons
 a - a +1 war axe (weapon)
 A - a cursed +0 battleaxe
Armour
 b - a +2 plate armour of fire resistance (worn)
 l - a +0 helmet (worn)
 r - a +0 large shield (worn)
Jewellery
 n - a +2 ring of protection (left hand)
Wands
 d - a wand of enslavement (4)
 h - a wand of disintegration (14)
Scrolls
 c - a scroll of magic mapping
 o - 2 scrolls of immolation
 s - 2 scrolls of remove curse
 u - a scroll of fog
 w - a scroll of fear
 y - a scroll of teleportation
 z - a scroll of enchant weapon
Potions
 e - 2 potions of curing
 j - a potion of experience {unknown}
 k - 2 potions of berserk rage {unknown}
 m - a potion of mutation {unknown}
 p - a potion of resistance {unknown}
 q - a potion of ambrosia {unknown}
 v - a potion of invisibility {unknown}
 x - a potion of magic {unknown}
Comestibles
 f - 15 rations


   Skills:
 * Level 8.9 Fighting
 * Level 9.3 Axes
 + Level 6.1 Armour
 + Level 3.7 Dodging
 + Level 6.2 Shields
 + Level 4.1 Invocations
 + Level 4.2 Evocations


You had 9 spell levels left.
You didn't know any spells.
Your spell library was empty.

Dungeon Overview and Level Annotations

Branches:
Dungeon (9/15)             Temple (1/1) D:5
   Lair: D:8-11         Orc: D:9-12

Altars:
Ashenzari
Cheibriados
Dithmenos
Elyvilon
Fedhas
Gozag
Hepliaklqana
Kikubaaqudgha
Makhleb
Nemelex Xobeh
Okawaru
Qazlal
Ru
Sif Muna
Trog
Uskayaw
Vehumet
Wu Jian
Xom
Yredelemnul
Zin
The Shining One

Annotations:
D:6 exclusion: statue


Message History

You feel sick. The orc hits you but does no damage.
You barely miss the orc.
The orc is lightly wounded.
You block the orc's attack.
You hear a zap.
A bolt of acid appears from out of thin air!
The bolt of acid hits the orc.
The orc is splashed with acid.
The acid corrodes the orc!
The orc dies!
The bolt of acid hits you!
You are splashed with acid!
The acid burns!
You hear some strange, mumbled words.
Your shield and plate armour prevent you from hitting the orc.
You hear a zap.
A bolt of acid appears from out of thin air!
The bolt of acid hits the orc.
The orc is splashed with acid.
The orc dies!
The bolt of acid hits you!
* * * LOW HITPOINT WARNING * * *
The acid corrodes you!
You are splashed with acid!
The acid burns!
You die...

### .# #.# ..#
#.# ##..# #.#
....## #.#
#.#.$..
#.###o......
##.##†.....o.
##..##)#{....o
#>..##@# .....
########.#.#..#
....
#..........#.##
>..
#............#
..
#...........##
.
#..............
#..........####
#...[.....(#
#...........#


You could see an orc.

Vanquished Creatures
  2 hippogriffs (D:8)
  A wyvern (D:8)
  Menkaure (D:4)
  2 sky beasts
  2 ice beasts
  An orc warrior (D:9)
  3 centaurs
  3 ogres
  A big kobold (D:7)
  3 bullfrogs
  2 scorpions
  A water moccasin skeleton (D:8)
  3 wights (D:8)
  2 killer bees (D:9)
  2 howler monkeys
  2 crimson imps
  3 hounds
  2 quasits (D:9)
  4 orc priests
  A centaur skeleton (D:6)
  A jelly (D:7)
  2 bullfrog skeletons
  An iguana (D:8)
  Jessica (D:3)
  4 orc wizards
  Ijyb (D:3)
  10 worker ants
  A worker ant zombie (D:8)
  3 gnolls (D:8)
  4 adders
  A shadow imp (D:7)
  2 adder skeletons
  A worm (D:4)
  2 dart slugs
  3 leopard geckos
  20 orcs
  4 ball pythons
  6 bats
  7 giant cockroaches
  9 hobgoblins
  7 jackals
  4 quokkas
  10 frilled lizards
  A goblin (D:2)
  9 kobolds
  A leopard gecko zombie (D:5)
  5 rats
161 creatures vanquished.

Vanquished Creatures (others)
  3 killer bees (D:9)
  2 orcs (D:9)
5 creatures vanquished.

Grand Total: 166 creatures vanquished

Notes
Turn   | Place    | Note
-------+----------+-------------------------------------------
     0 | D:1      | brittlin the Hill Orc Fighter began the quest for the Orb.
     0 | D:1      | Reached XP level 1. HP: 19/19 MP: 1/1
   198 | D:1      | Reached skill level 3 in Axes
   198 | D:1      | Reached XP level 2. HP: 7/27 MP: 2/2
  1280 | D:2      | Reached XP level 3. HP: 33/33 MP: 3/3
  2108 | D:3      | Reached XP level 4. HP: 41/41 MP: 4/4
  2146 | D:3      | Noticed Ijyb
  2160 | D:3      | Killed Ijyb
  2160 | D:3      | Reached skill level 4 in Axes
  2233 | D:3      | Reached skill level 1 in Dodging
  2395 | D:3      | Reached XP level 5. HP: 47/47 MP: 5/5
  2620 | D:3      | Noticed Jessica
  2625 | D:3      | Killed Jessica
  2779 | D:4      | Reached skill level 5 in Fighting
  2973 | D:4      | Reached XP level 6. HP: 56/56 MP: 6/6
  3009 | D:4      | Reached skill level 5 in Axes
  3071 | D:4      | Reached skill level 1 in Evocations
  3121 | D:4      | Noticed Menkaure
  3156 | D:4      | Killed Menkaure
  3411 | D:4      | Reached XP level 7. HP: 59/62 MP: 6/8
  3545 | D:5      | Entered Level 5 of the Dungeon
  3720 | D:5      | Reached skill level 6 in Axes
  4155 | D:5      | Reached XP level 8. HP: 60/71 MP: 9/9
  4505 | D:5      | Reached skill level 7 in Axes
  4505 | D:5      | Reached skill level 5 in Armour
  4585 | D:5      | Found a staircase to the Ecumenical Temple.
  4637 | Temple   | Entered the Ecumenical Temple
  4816 | Temple   | Became a worshipper of Warmaster Okawaru
  5232 | D:6      | Reached skill level 5 in Shields
  5545 | D:6      | Found a radiant altar of Vehumet.
  5668 | D:6      | Reached skill level 1 in Invocations
  6027 | D:7      | Found a hazy altar of Hepliaklqana.
  6253 | D:7      | Reached * piety under Okawaru
  6331 | D:7      | Reached XP level 9. HP: 70/79 MP: 11/11
  6347 | D:7      | Reached skill level 8 in Axes
  7096 | D:8      | Reached ** piety under Okawaru
  7468 | D:8      | Reached skill level 9 in Axes
  8594 | D:9      | Reached XP level 10. HP: 61/90 MP: 13/13
  8628 | D:9      | Splashed by an orc wizard's acid

Skill      XL: |  1  2  3  4  5  6  7  8  9 |
---------------+----------------------------+-----
Axes           | 3 4 5 6 7 9 |  9.3
Fighting       | 4 5 6 7 8 |  8.9
Dodging        | 1 2 3 |  3.7
Armour         | 4 5 6 |  6.1
Shields        | 4 5 6 |  6.2
Evocations     | 1 2 3 4 |  4.2
Invocations    | 2 4 |  4.1

Action                   |  1- 3 |  4- 6 |  7- 9 | 10-12 || total
-------------------------+-------+-------+-------+-------++-------
Melee: War axe           |   141 |   129 |   354 |    32 ||   656
Evoke: Wand              |       |       |     5 |       ||     5
  Use: Scroll            |     3 |     3 |     8 |       ||    14
       Potion            |       |     1 |       |     2 ||     3
  Eat: Chunk             |     4 |     4 |    10 |       ||    18
       Ration            |       |       |     2 |       ||     2
Armor: Scale mail        |    69 |       |       |       ||    69
       Plate armour      |       |    74 |   252 |    14 ||   340
Dodge: Dodged            |    50 |    25 |    38 |     2 ||   115
Block: Shield            |    93 |    48 |       |       ||   141
       Large shield      |       |    20 |   343 |    40 ||   403
